Map: Orbital Shipyard

Players

ILLBdA - Winner!

  • Race: Protoss Protoss
  • League: Diamond

아양

  • Race: Protoss Protoss
  • League: Diamond

VOD

Have the link to the VOD?

Description

Time

  • Played on: Dec. 10, 2015, 9:29 a.m.
  • Length: 3:37
Show
View Real Time Build Order
Export as new Build Order

ILLBdA Protoss - Winner!

Build Orders: Cannon Rush 

Get SALT Encoding   

  12  0:01  Probe (Chrono Boost)  
  13  0:11  Probe (Chrono Boost)  
  14  0:20  Pylon  
  14  0:22  Probe (Chrono Boost)  
  15  0:38  Probe (Chrono Boost), Forge  
  16  0:49  Probe (Chrono Boost)  
  17  0:59  Probe (Chrono Boost)  
  18  1:10  Probe (Chrono Boost)  
  19  1:18  Pylon  
  19  1:19  Pylon  
  19  1:21  Pylon  
  19  1:36  Photon Cannon x2  
  19  1:45  Photon Cannon  
  19  1:46  Pylon  
  19  1:58  Photon Cannon  
  19  2:08  Photon Cannon  
  19  2:22  Pylon  
  19  2:26  Photon Cannon  
  19  2:42  Pylon  
  18  2:52  Probe (Chrono Boost)  
  19  3:00  Photon Cannon  
  19  3:02  Probe (Chrono Boost)  
  20  3:10  Pylon  
  21  3:13  Probe (Chrono Boost)  
  21  3:23  Probe (Chrono Boost)  
  22  3:31  Photon Cannon  
  22  3:34  Gateway  
Show
View Real Time Build Order
Export as new Build Order

아양 Protoss 

Build Orders:  

Get SALT Encoding   

  12  0:01  Probe (Chrono Boost)  
  13  0:11  Probe (Chrono Boost)  
  14  0:17  Pylon  
  14  0:22  Probe (Chrono Boost)  
  16  0:35  Probe (Chrono Boost)  
  16  0:37  Gateway  
  16  0:46  Probe (Chrono Boost)  
  16  0:48  Assimilator  
  17  0:57  Probe (Chrono Boost)  
  18  0:58  Assimilator  
  18  1:07  Probe (Chrono Boost)  
  19  1:18  Probe (Chrono Boost)  
  20  1:25  Zealot  
  22  1:26  Cybernetics Core  
  22  1:37  Gateway  
  22  1:56  Pylon  
  19  2:15  Nexus  
Tags
 
Matchup
PvP
Replay Pack
me
Add a new tag
Caveats
  • Supply blocks, unpowered buildings, or Contaminate may cause inaccurate times.
  • Supply counts are checked every 10 seconds.